 Dungeon Crawl Stone Soup version 0.23.1 (webtiles) character file.

Game seed: 12250786572669905134

12 doot the Insei (level 2, -1/21 HPs)
             Began as a Merfolk Transmuter on Mar 19, 2019.
             Slain by a shadow imp (2 damage)
             ... summoned by Natasha
             ... on level 2 of the Dungeon.
             The game lasted 00:01:29 (419 turns).

doot the Insei (Merfolk Transmuter)                  Turns: 419, Time: 00:01:29

Health: -1/21      AC:  2    Str: 10    XL:     2   Next: 33%
Magic:  5/5        EV: 13    Int: 12    God:
Gold:   30         SH:  0    Dex: 14    Spells: 4/5 levels left

rFire    . . .     SeeInvis .     - Unarmed
rCold    . . .     Gourm    .   (no shield)
rNeg     . . .     Faith    .   b - +0 robe
rPois    .         Spirit   .   (no helmet)
rElec    .         Reflect  .   (no cloak)
rCorr    .         Harm     .   (no gloves)
MR       .....                  (no boots)
Stlth    +.........             (no amulet)
HPRegen  0.07/turn              (no ring)
MPRegen  0.09/turn              (no ring)

@: appendage (expiring)
A: change form in water, swift swim, stealthy swim, horns 2
a: End Transformation


You were on level 2 of the Dungeon.
You were not hungry.
You had grown temporary horns.
You visited 1 branch of the dungeon, and saw 2 of its levels.

You collected 30 gold pieces.

Inventory:

Missiles
 a - 12 arrows
Armour
 b - a +0 robe (worn)
 g - a cursed -1 helmet
Scrolls
 c - a scroll of remove curse {unknown}
 f - 2 scrolls of identify {unknown}
 h - a scroll of enchant armour {unknown}
Potions
 e - 2 potions of might {unknown}
Comestibles
 d - 3 rations
 i - a chunk of flesh


   Skills:
 + Level 1.1 Fighting
 + Level 3.0 Dodging
 + Level 0.2 Stealth
 + Level 3.7 Unarmed Combat
 + Level 2.1 Spellcasting
 + Level 2.7 Transmutations


You had 4 spell levels left.
You knew the following spells:

 Your Spells              Type           Power        Failure   Level  Hunger
a - Beastly Appendage     Tmut           #.....       9%          1    ##.....

Your spell library contained the following spells:

 Spells                   Type           Power        Failure   Level  Hunger
 Sticks to Snakes         Tmut           #.......     13%         2    ###....
 Spider Form              Tmut/Pois      #.........   43%         3    ####...
 Ice Form                 Ice/Tmut       #.......     83%         4    #####..
 Blade Hands              Tmut           #.........   94%         5    ######.


Dungeon Overview and Level Annotations

Branches:
Dungeon (2/15)

Altars:

Annotations:
D:2 Natasha


Innate Abilities, Weirdness & Mutations

You revert to your normal form in water You are very nimble and swift while swimming.
You are very stealthy in the water. (Stealth+)
You have a pair of horns on your head.


Message History

Natasha is almost dead.
Your transformation is almost over.
The shadow imp barely misses you. Natasha completely misses you.
You barely miss Natasha. Your headbutt misses Natasha.
Natasha is almost dead.
The shadow imp hits you. Natasha claws you.
You barely miss Natasha.
Natasha is almost dead.
The shadow imp misses you. Natasha barely misses you.
The crimson imp blinks!
You closely miss Natasha.
Natasha is almost dead.
The shadow imp gestures at you. Pain shoots through your body!
Ouch! That really hurt!
* * * LOW HITPOINT WARNING * * *
Natasha closely misses you.
You closely miss Natasha.
Natasha is almost dead.
The shadow imp hits you.
You die...

##......# ###.......#
..........# ###.......#
..##.....## ####.
##...###### . ยง.#.
##........ ... ##h#..
##.####### .....###@#
#.###...###. .......5##
##...........
....####.###.###...###..
. ##.#..# ##.## ##.#.#
#.# #........#
###.####.# ..# .# ###


You could see Natasha and a shadow imp.

Vanquished Creatures
  A leopard gecko (D:2)
  2 giant cockroaches (D:1)
  3 goblins (D:1)
  A ball python (D:1)
  2 bats
  A kobold (D:1)
  2 rats (D:1)
12 creatures vanquished.

Notes
Turn   | Place    | Note
-------+----------+-------------------------------------------
     0 | D:1      | doot the Merfolk Transmuter began the quest for the Orb.
     0 | D:1      | Reached XP level 1. HP: 15/15 MP: 3/3
   106 | D:1      | Reached XP level 2. HP: 18/21 MP: 5/5
   403 | D:2      | Noticed Natasha
   410 | D:2      | Noticed a crimson imp
   418 | D:2      | HP: 1/21 [shadow imp/nerve-wracking pain[Natasha] (11)]
   419 | D:2      | Slain by a shadow imp

Skill      XL: |  1  2 |
---------------+-------+-----
Dodging        | 3 |  3.0
Fighting       | |  1.1
Stealth        | |  0.2
Unarmed Combat | |  3.7
Spellcasting   | |  2.1
Transmutations | |  2.7

Action                   || total
-------------------------++-------
Melee: Unarmed           ||    47
       Headbutt          ||     7
 Cast: Beastly Appendage ||     9
 Stab: Sleeping          ||     2
Armor: Robe              ||     3
Dodge: Dodged            ||    35
